 Dungeon Crawl Stone Soup version 0.27-a0-972-gd1521fd518 (webtiles) character file.

Game seed: 9366603798337006733

8 Alarkh the Insei (level 2, 21/21 HPs)
             Began as a Demonspawn Transmuter on Apr 13, 2021.
             Got out of the dungeon alive.
             The game lasted 00:00:18 (364 turns).

Alarkh the Insei (Demonspawn Transmuter)             Turns: 364, Time: 00:00:18

Health: 21/21      AC:  2    Str: 10    XL:     2   Next: 0%
Magic:  5/5        EV: 12    Int: 14    God:
Gold:   8          SH:  0    Dex: 13    Spells: 4/5 levels left

rFire    . . .     SeeInvis .     - Unarmed
rCold    . . .     Faith    .   (no shield)
rNeg     . . .     Spirit   .   a - +0 robe
rPois    .         Reflect  .   (no helmet)
rElec    .         Harm     .   (no cloak)
rCorr    .         Rampage  .   (no gloves)
Will     .....                  (no boots)
Stlth    +.........             (no amulet)
HPRegen  0.07/turn              (no ring)
MPRegen  0.09/turn              (no ring)

@: no status effects
A: hooves 1
a: no special abilities


You escaped.
You visited 1 branch of the dungeon, and saw 1 of its levels.

You collected 8 gold pieces.

Inventory:

Armour
 a - a +0 robe (worn)
Scrolls
 d - a scroll of amnesia {unknown}
Potions
 b - a potion of curing {unknown}
 c - a potion of might {unknown}


   Skills:
 + Level 1.2 Fighting
 - Level 1.7 Dodging
 * Level 2.9 Unarmed Combat
 + Level 2.1 Spellcasting
 + Level 1.9 Transmutations


You had 4 spell levels left.
You knew the following spells:

 Your Spells              Type           Power      Damage    Failure   Level
a - Beastly Appendage     Tmut           14%        N/A       11%         1

Your spell library contained the following spells:

 Spells                   Type           Power      Damage    Failure   Level
 Wereblood                Tmut           7%         N/A       16%         2
 Spider Form              Tmut/Pois      2%         N/A       43%         3
 Ice Form                 Ice/Tmut       4%         N/A       83%         4
 Hydra Form               Tmut           3%         N/A       96%         5


Dungeon Overview and Level Annotations

Branches:
Dungeon (1/15)

Altars:


Innate Abilities, Weirdness & Mutations

You have large cloven feet.


Message History

No target in view!
No target in view!
No target in view!
No target in view!
No target in view!
Your magical contamination has completely faded away.
Your transformation is almost over.
Your horns disappear.
Your talons disappear.
Found 18 stones.
Things that are here:
a +0 club; a goblin corpse
There is a stone staircase leading down here.
You now have 8 gold pieces.
You open the door.
A goblin comes into view. It is wielding a +0 dagger.
Found 13 arrows.
A goblin is nearby!
Casting: Beastly Appendage (safe; 11% risk of failure)
Confirm with . or Enter, or press ? or * to list all spells.
You grow a pair of large bovine horns.
Your feet morph into talons.
Unknown command.
Found 17 sling bullets.
There is an open door here.
You hit the goblin.
You kill the goblin!
You have reached level 2!
Your demonic ancestry asserts itself...
Your talons look more like feet.
Your talons dull and shrink into feet.
Your feet thicken and deform.
Unknown command.
There is an open door here.
Your horns disappear.
Things that are here:
a +0 club; a goblin corpse
There is a large open door here.
There is a large open door here.
There is a large open door here.
There is a staircase leading out of the dungeon here.
Are you sure you want to leave the Dungeon?
This will make you lose the game!
You have escaped!

...# #.....
#..#######
#.#......
#...##### ##..#
###### #..#
#....# #..# #
###.≈≈.#####.# .#
#@'.≈≈.'.'.#.##.#
#.'.≈≈.'.'......#
###.≈≈.###....###
#....# #.....###
###### ###......
#...... #..#.#.
#..#... #..##..


There were no monsters in sight!

Vanquished Creatures
  An endoplasm (D:1)
  A giant cockroach (D:1)
  2 goblins (D:1)
  A hobgoblin (D:1)
  A bat (D:1)
  A rat (D:1)
7 creatures vanquished.

Notes
Turn   | Place    | Note
-------+----------+-------------------------------------------
     0 | D:1      | Alarkh the Demonspawn Transmuter began the quest for the
                  | Orb.
     0 | D:1      | Reached XP level 1. HP: 15/15 MP: 3/3
    25 | D:1      | Found a faded altar of an unknown god.
   330 | D:1      | Lost mutation: You have razor-sharp toenails. [demonic
                  | ancestry]
   330 | D:1      | Lost mutation: You have sharp toenails. [demonic ancestry]
   330 | D:1      | Gained mutation: You have large cloven feet. [demonic
                  | ancestry]
   330 | D:1      | Reached XP level 2. HP: 18/21 MP: 3/5
   364 | D:$      | Got out of the dungeon alive.

Illustrated notes

Levels and vault maps discovered:
D:1:      lightli_arrival_lavapool, layout_basic, ebering_ecumenical_altar_rust,
          serial_park_tiny_2

Action                   || total
-------------------------++-------
Melee: Unarmed           ||    14
       Kick              ||     1
       Headbutt          ||     1
 Cast: Beastly Appendage ||     4
Armor: Robe              ||     1
Dodge: Dodged            ||     8

Table legend: (Time is in decaauts)
 A = Elapsed time spent in this place.
 B = Non-inter-level travel time spent in this place.
 C = Inter-level travel time spent in this place.
 D = Time resting spent in this place.
 E = Time spent auto-exploring this place.
 F = Levels seen in this place.
 G = Mean time per level.
                   A        B        C        D        E       F      G
               +--------+--------+--------+--------+--------+-----+--------+
         Total |    363 |    330 |     33 |      0 |    285 |   1 |  363.0 |
       Dungeon |    363 |    330 |     33 |      0 |    285 |   1 |  363.0 |
               +--------+--------+--------+--------+--------+-----+--------+

Top non-repeatable levels by time:
     D:1: 363 daAuts
